 Dungeon Crawl Stone Soup version 0.23.1 (webtiles) character file.

Game seed: 8715782819589283887

456 Xeno the Magician (level 6, 0/31 (32) HPs)
             Began as a Deep Elf Wizard on Mar 3, 2019.
             Was a Believer of Cheibriados.
             Slain by a necrophage (5 damage)
             ... on level 5 of the Dungeon.
             The game lasted 00:11:07 (6181 turns).

Xeno the Magician (Deep Elf Wizard)                 Turns: 6181, Time: 00:11:07

HP:   0/31 (32)     AC:  3    Str: 10    XL:     6   Next: 77%
MP:   18/18         EV: 13    Int: 27    God:    Cheibriados [**....]
Gold: 233           SH:  0    Dex: 17    Spells: 9/19 levels left

rFire    . . .     SeeInvis .   B - +1 hand axe (venom)
rCold    . . .     Gourm    .   (no shield)
rNeg     . . .     Faith    .   a - +0 robe
rPois    .         Spirit   .   b - +0 hat
rElec    .         Reflect  .   i - +0 cloak
rCorr    .         Harm     .   (no gloves)
MR       .....                  (no boots)
Stlth    ++........             (no amulet)
HPRegen  0.00/turn              (no ring)
MPRegen  0.16/turn              (no ring)

@: non-regenerating, diseased, very slow
A: no striking features
a: Bend Time, Renounce Religion


You were on level 5 of the Dungeon.
You worshipped Cheibriados.
Cheibriados was pleased with you.
You were not hungry.

You visited 1 branch of the dungeon, and saw 5 of its levels.

You collected 233 gold pieces.

Inventory:

Hand Weapons
 e - a +0 dagger
 p - a +1 whip of draining
 x - a +3 rapier
 B - a +1 hand axe of venom (weapon)
Missiles
 k - 6 javelins of penetration (quivered)
Armour
 a - a +0 robe (worn)
 b - a +0 hat (worn)
 i - a +0 cloak (worn)
 m - a +0 ring mail
Jewellery
 s - a cursed -2 ring of intelligence {unknown}
Scrolls
 c - a scroll of blinking {unknown}
 f - 2 scrolls of enchant weapon {unknown}
 g - 5 scrolls of teleportation {unknown}
 h - a scroll of fog {unknown}
 l - 3 scrolls of identify {unknown}
 q - a scroll of enchant armour {unknown}
 r - a scroll of amnesia {unknown}
 u - 2 scrolls of magic mapping {unknown}
 y - a scroll of immolation {unknown}
Potions
 j - a potion of lignification {unknown}
 n - a potion of cancellation {unknown}
 o - 3 potions of agility {unknown}
 t - a potion of brilliance {unknown}
 v - a potion of invisibility {unknown}
 w - a potion of might {unknown}
 z - a potion of ambrosia {unknown}
 C - a potion of degeneration {unknown}
 D - a potion of curing {unknown}
 E - a potion of heal wounds {unknown}
Comestibles
 d - 13 rations


   Skills:
 - Level 2.4 Dodging
 - Level 2.4 Stealth
 + Level 7.0 Spellcasting
 * Level 5.4 Conjurations
 * Level 1.1 Hexes
 * Level 1.7 Summonings
 * Level 2.0 Translocations
 * Level 1.1 Fire Magic


You had 9 spell levels left.
You knew the following spells:

 Your Spells              Type           Power        Failure   Level  Hunger
a - Magic Dart            Conj           ####         1%          1    None
b - Blink                 Tloc           N/A          3%          2    None
c - Slow                  Hex            ###.....     5%          2    None
d - Call Imp              Summ           ###.....     4%          2    None
e - Conjure Flame         Conj/Fire      ####....     4%          3    None

Your spell library contained the following spells:

 Spells                   Type           Power        Failure   Level  Hunger
 Apportation              Tloc           ###...       2%          1    None
 Summon Small Mammal      Summ           ###.         2%          1    None
 Confusing Touch          Hex            ###...       3%          1    None
 Animate Skeleton         Necr           N/A          6%          1    None
 Mephitic Cloud           Conj/Pois/Air  ###.....     9%          3    None


Dungeon Overview and Level Annotations

Branches:
Dungeon (5/15)             Temple (0/1) D:4

Altars:
Cheibriados
Dithmenos
Nemelex Xobeh
Ru
Yredelemnul
The Shining One

Shops:
D:4 (

Annotations:
D:1 exclusion: downstairs
D:3 exclusion: downstairs


Message History

Your crimson imp hits the necrophage but does no damage.
The necrophage hits your crimson imp.
Your crimson imp hits the necrophage but does no damage.
Your crimson imp barely misses the necrophage.
An arrow appears from out of your range of vision.
The arrow hits your crimson imp!
Your crimson imp dies!
You open the door. The necrophage barely misses you.
There is an open door here.
The necrophage hits you.
* * * LOW HITPOINT WARNING * * *
The necrophage misses you. The necrophage hits you.
* * * LOW HITPOINT WARNING * * *
The necrophage hits you.
* * * LOW HITPOINT WARNING * * *
You feel ill.
You feel your flesh rotting away!
The necrophage hits you but does no damage.
The necrophage hits you.
You die...

....# #.# #..# # .. ##..#
#.######..###.##.
##..####.##.............
........................
##..####.#..###..###.## #
##..####.#..###..###.##..#
..................#.......
##..#.....................
##.#####.##.##.#@.#...#§≈≈
...............n......#
##.#####.##.####..#...#
#.#####.##.# #..#...#
#.....#.##.# #..#....#
#.....#.##.# #..##..##
#..........# #..# ..#
##..........##.#..#
...................


You could see a necrophage.

Vanquished Creatures
  A scorpion (D:4)
  A howler monkey (D:4)
  2 hounds
  2 iguanas
  An orc wizard (D:5)
  3 worker ants (D:4)
  5 adders
  4 worms
  A dart slug (D:1)
  A leopard gecko (D:5)
  9 orcs
  4 giant cockroaches
  12 goblins
  10 hobgoblins
  10 jackals
  6 kobolds
  3 quokkas
  2 ball pythons (D:1)
  6 bats
  6 frilled lizards
  A leopard gecko skeleton (D:4)
  14 rats
104 creatures vanquished.

Notes
Turn   | Place    | Note
-------+----------+-------------------------------------------
     0 | D:1      | Xeno the Deep Elf Wizard began the quest for the Orb.
     0 | D:1      | Reached XP level 1. HP: 10/10 MP: 7/7
   397 | D:1      | Reached skill level 5 in Spellcasting
   397 | D:1      | Reached XP level 2. HP: 13/15 MP: 6/10
   533 | D:1      | Learned a level 2 spell: Blink
   536 | D:1      | Learned a level 2 spell: Slow
  1379 | D:1      | Reached XP level 3. HP: 13/19 MP: 1/12
  2518 | D:2      | Reached skill level 6 in Spellcasting
  2518 | D:2      | Reached XP level 4. HP: 24/24 MP: 9/14
  2806 | D:2      | Found a snail-covered altar of Cheibriados.
  2940 | D:2      | Became a worshipper of Cheibriados the Contemplative
  2944 | D:2      | Learned a level 2 spell: Call Imp
  2948 | D:2      | Learned a level 3 spell: Conjure Flame
  3057 | D:2      | Found a glowing golden altar of the Shining One.
  3860 | D:3      | Found a faded altar of an unknown god.
  4105 | D:3      | Found a sparkling altar of Nemelex Xobeh.
  4126 | D:3      | Found a sacrificial altar of Ru.
  4235 | D:4      | Reached XP level 5. HP: 22/28 MP: 7/15
  4770 | D:4      | Reached * piety under Cheibriados
  4925 | D:4      | Found Urizyfer's Weapon Shoppe.
  4965 | D:4      | Reached XP level 6. HP: 18/32 MP: 7/17
  5341 | D:4      | Found a staircase to the Ecumenical Temple.
  5402 | D:4      | Reached skill level 5 in Conjurations
  5624 | D:4      | Found a shadowy altar of Dithmenos.
  5624 | D:4      | Found a basalt altar of Yredelemnul.
  5783 | D:5      | Entered Level 5 of the Dungeon
  5788 | D:5      | Reached skill level 1 in Fire Magic
  5933 | D:5      | Reached ** piety under Cheibriados
  5933 | D:5      | Reached skill level 7 in Spellcasting
  5933 | D:5      | Reached skill level 1 in Hexes
  6181 | D:5      | Slain by a necrophage

Skill      XL: |  1  2  3  4  5  6 |
---------------+-------------------+-----
Spellcasting   | 5 6 7 |  7.0
Conjurations   | 2 3 4 5 |  5.4
Fire Magic     | 1 |  1.1
Hexes          | 1 |  1.1
Translocations | 2 |  2.0
Dodging        | |  2.4
Stealth        | |  2.4
Summonings     | |  1.7

Action                   |  1- 3 |  4- 6 || total
-------------------------+-------+-------++-------
Melee: Dagger            |    22 |       ||    22
       Whip              |     1 |       ||     1
 Cast: Magic Dart        |   123 |   169 ||   292
       Call Imp          |       |     1 ||     1
  Eat: Chunk             |     5 |     9 ||    14
Armor: Robe              |    13 |     8 ||    21
Dodge: Dodged            |    43 |    41 ||    84
